 Dungeon Crawl Stone Soup version 0.19-a0-1682-g5114f93 (webtiles) character file.

10804 graymark the Fighter (level 11, -29/141 HPs)
             Began as a Formicid Fighter on Sept 24, 2016.
             Was a Priest of Makhleb.
             Killed from afar by IKeelU2's ghost (33 damage)
             ... with a bolt of lightning
             ... on level 1 of the Lair of Beasts.
             The game lasted 00:40:07 (10748 turns).

graymark the Fighter (Formicid Fighter)            Turns: 10748, Time: 00:40:07

Health: -29/141    AC: 26    Str: 30    XL:     11   Next: 99%
Magic:  11/11      EV:  2    Int:  7    God:    Makhleb [***...]
Gold:   599        SH: 13    Dex: 10    Spells: 0 memorised, 10 levels left

rFire  . . .     SeeInvis .     p - +1 hand axe (elec)
rCold  . . .     Gourm    .     (armour currently unavailable)
rNeg   + + +     Faith    .     c - +0 shield
rPois  +         Spirit   .     (helmet unavailable)
rElec  .         Dismiss  .     (cloak currently unavailable)
rCorr  .         Reflect  .     (gloves currently unavailable)
MR     +....     Harm     .     (boots currently unavailable)
Stlth  +......... Clarity  +    (no amulet)
                                (no ring)
                                (no ring)

@: mighty, tree-form
A: permanent stasis, dig shafts and tunnels, four strong arms, (antennae 0),
rugged brown scales 1, (camouflage 0), clarity, (poison resistance), screaming 1
a: Minor Destruction, Lesser Servant of Makhleb, Renounce Religion


You were on level 1 of the Lair of Beasts.
You worshipped Makhleb.
Makhleb was most pleased with you.
You were not hungry.
You were a tree.
You visited 3 branches of the dungeon, and saw 13 of its levels.
You also visited: Ice Cave.

You collected 671 gold pieces.
You spent 72 gold pieces at shops.

Inventory:

Hand Weapons
 a - a +0 war axe
 i - a +0 morningstar
 p - a +1 hand axe of electrocution (weapon)
Missiles
 J - 3 tomahawks of returning (quivered)
 K - a throwing net
Armour
 b - a +0 scale mail
 c - a +0 shield (worn)
 h - a cursed +0 scale mail (melded)
 A - the +4 chain mail of Keride {rPois MP+9 Dex-2 Stlth-}
   (You found it on level 7 of the Dungeon)

   It affects your dexterity (-2).
   It protects you from poison.
   It affects your magic capacity (+9).
   It makes you less stealthy.
 C - a +0 cloak (melded)
Rods
 F - a +0 rod of clouds (12/12)
   (You found it on level 7 of the Dungeon)
Jewellery
 y - an uncursed ring of ice
 G - an uncursed ring of magical power
Wands
 n - a wand of polymorph (11/24)
 w - a wand of lightning (0/15)
 x - a wand of paralysis (0/24)
 E - a wand of iceblast (0/15)
Scrolls
 e - 8 scrolls of remove curse
 l - 3 scrolls of recharging
 m - a scroll of summoning {unknown}
 o - 3 scrolls of enchant weapon
 t - a scroll of fear
 D - a scroll of fog {unknown}
Potions
 j - 4 potions of lignification
 q - a potion of cure mutation
 z - a potion of brilliance
 B - a potion of flight
 H - a potion of cancellation
 I - a potion of magic {unknown}
Comestibles
 f - 9 bread rations
 g - a chunk of flesh
 k - 4 meat rations
 r - 8 slices of pizza
 s - a beef jerky
 u - a royal jelly


   Skills:
 + Level 10.7 Fighting
 + Level 9.9 Axes
 + Level 10.4 Armour
 - Level 10.5 Shields


You had 10 spell levels left.
You didn't know any spells.

Dungeon Overview and Level Annotations

Branches:
Dungeon (11/15)            Temple (1/1) D:6            Lair (1/6) D:11
    Orc (0/2) D:9

Altars:
Ashenzari
Cheibriados
Dithmenos
Elyvilon
Fedhas
Gozag
Hepliaklqana
Kikubaaqudgha
Makhleb
Nemelex Xobeh
Okawaru
Qazlal
Ru
Sif Muna
Trog
Uskayaw
Vehumet
Xom
Yredelemnul
Zin
The Shining One

Shops:
D:4 (   D:5 }   D:6 *

Annotations:
Lair:1 IKeelU2's ghost, journeyman DEAE


Innate Abilities, Weirdness & Mutations

You are under a permanent stasis effect.
You can dig through walls and to a lower floor.
Your four strong arms can wield two-handed weapons with a shield.
((You have a pair of large antennae on your head. (SInv)))
(You are partially covered in rugged brown scales. (AC +1, +3% HP))
((Your skin changes colour to match your surroundings (Stealth+).))
You possess an exceptional clarity of mind.
((Your system is resistant to poisons. (rPois)))
You occasionally shout uncontrollably at your foes.


Message History

IKeelU2's ghost is heavily damaged.
You block IKeelU2's ghost's attack.
You barely miss IKeelU2's ghost.
IKeelU2's ghost is heavily damaged.
IKeelU2's ghost hits you but does no damage.
You hit IKeelU2's ghost but do no damage.
IKeelU2's ghost is heavily damaged.
IKeelU2's ghost casts a spell at you. The bolt of lightning hits you!
* * * LOW HITPOINT WARNING * * *
You slash IKeelU2's ghost!
IKeelU2's ghost is severely damaged.
Okay, then.
Okay, then.
You turn into a tree.
Your +0 cloak melds into your body.
Your cursed +0 scale mail melds into your body.
Your roots penetrate the ground.
IKeelU2's ghost casts a spell at you.
Helpless, you fail to dodge the bolt of lightning.
You die...

#.........#
.........#.##
.#.........####
#..#...#...W#.###
.......#........##
..##...###.####..# .
##... ### ##.#### .
#...####.###W##≈####
......P#♣.≈≈...###
#...≈≈≈≈≈≈...#
#...≈≈≈≈≈≈≈≈..##
##..≈≈≈≈≈≈≈≈≈..#
#.≈≈≈≈..≈≈≈≈≈##
#.≈≈≈≈≈<.≈≈≈.#
#..≈≈≈≈[≈≈≈≈.#
#..≈≈≈≈≈≈≈≈≈≈#
#..≈≈≈≈≈≈≈≈..#


You could see IKeelU2's ghost.

Vanquished Creatures
  2 hill giants (D:11)
  Pikel (D:7)
  A manticore (D:11)
  2 ugly things (D:11)
  Maurice (D:10)
  Joseph (D:7)
  A troll (D:9)
  Grinder (D:6)
  A two-headed ogre (D:9)
  2 hippogriffs (D:9)
  2 hogs (D:8)
  A wraith (D:10)
  2 yaks (D:8)
  A human (D:8)
  14 ice beasts
  2 slaves (D:7)
  An orc warrior (D:9)
  A wasp (D:8)
  A phantom (D:6)
  3 sky beasts
  4 ogres
  A black bear (D:8)
  The ghost of sveltemanboy the Ducker, an amateur DsGl (D:3)
  4 centaurs
  2 necrophages
  2 big kobolds
  5 bullfrogs
  A wyvern zombie (D:11)
  2 wyvern skeletons
  6 scorpions
  A water moccasin skeleton (D:8)
  8 wights
  5 crimson imps
  A centaur zombie (D:8)
  3 bullfrog skeletons
  2 centaur skeletons
  6 orc priests
  4 hounds
  4 jellies
  2 iguanas
  Ijyb (D:3)
  12 orc wizards
  10 worker ants
  3 hound zombies
  A hound skeleton (D:4)
  A worker ant zombie (D:5)
  2 gnolls
  A howler monkey skeleton (D:6)
  11 adders
  A river rat (D:6)
  4 shadow imps
  An ooze (D:1)
  An adder skeleton (D:3)
  A dart slug (D:1)
  6 leopard geckos
  37 orcs
  3 ball pythons
  5 bats
  9 giant cockroaches
  2 goblins
  10 hobgoblins
  6 jackals
  4 quokkas
  8 frilled lizards
  11 kobolds
  A quokka skeleton (D:6)
  10 rats
  13 plants (D:11)
280 creatures vanquished.

Vanquished Creatures (others)
  A slave (D:7)
  A gnoll (D:7)
  An adder (D:7)
  A giant cockroach (D:7)
4 creatures vanquished.

Grand Total: 284 creatures vanquished

Notes
Turn   | Place    | Note
-------+----------+-------------------------------------------
     0 | D:1      | graymark the Formicid Fighter began the quest for the Orb.
     0 | D:1      | Reached XP level 1. HP: 18/18 MP: 1/1
   152 | D:1      | Reached XP level 2. HP: 22/24 MP: 2/2
   267 | D:1      | Reached XP level 3. HP: 29/29 MP: 3/3
   288 | D:1      | You fall through a shaft!
  1200 | D:3      | Reached XP level 4. HP: 37/37 MP: 4/4
  1428 | D:3      | Gained mutation: You are partially covered in rugged brown scales. (AC +1, +3% HP) [potion of mutation]
  1428 | D:3      | Gained mutation: Your skin changes colour to match your surroundings (Stealth+). [potion of mutation]
  1428 | D:3      | Gained mutation: You occasionally shout uncontrollably at your foes. [potion of mutation]
  1437 | D:3      | Noticed sveltemanboy's ghost (amateur DsGl)
  1439 | D:3      | Found a white marble altar of Elyvilon.
  1449 | D:3      | Killed sveltemanboy's ghost
  1449 | D:3      | Reached XP level 5. HP: 27/44 MP: 5/5
  1468 | D:3      | Noticed Ijyb
  1482 | D:3      | Killed Ijyb
  1599 | D:3      | Noticed an ogre
  1606 | D:3      | Killed an ogre
  1606 | D:3      | Reached skill level 5 in Shields
  1606 | D:3      | Reached XP level 6. HP: 48/50 MP: 6/6
  2014 | D:4      | Reached XP level 7. HP: 56/56 MP: 7/7
  2015 | D:4      | Reached skill level 5 in Fighting
  2144 | D:4      | Found Cohoripp's Weapon Shop.
  2301 | D:4      | Reached skill level 5 in Armour
  2764 | D:5      | Entered Level 5 of the Dungeon
  2998 | D:5      | Found Norhi's Gadget Shop.
  3159 | D:5      | Found a sparkling altar of Nemelex Xobeh.
  3575 | D:6      | Found an opulent altar of Gozag.
  3577 | D:6      | Found Gozag's Platinum Reserve.
  3618 | D:6      | Reached XP level 8. HP: 46/65 MP: 8/8
  3720 | D:6      | Gained mutation: Your system is resistant to poisons. (rPois) [mutagenic meat]
  3905 | D:6      | Reached skill level 5 in Axes
  4172 | D:6      | Found a deep blue altar of Sif Muna.
  4252 | D:6      | Found Plog's General Store.
  4391 | D:6      | Bought a potion of agility for 48 gold pieces
  4391 | D:6      | Bought a scroll of identify for 24 gold pieces
  4541 | D:6      | Noticed Grinder
  4546 | D:6      | Killed Grinder
  4546 | D:6      | Reached XP level 9. HP: 71/73 MP: 9/9
  5109 | D:6      | Found a staircase to the Ecumenical Temple.
  5114 | Temple   | Entered the Ecumenical Temple
  5221 | Temple   | Became a worshipper of Makhleb the Destroyer
  5359 | D:7      | Noticed Joseph
  5700 | D:7      | Killed Joseph
  5816 | D:7      | Noticed Pikel
  5830 | D:7      | Killed Pikel
  5886 | D:7      | Reached XP level 10. HP: 61/82 MP: 10/10
  6247 | D:7      | Got a jewelled chain mail
  6258 | D:7      | Identified the +4 chain mail of Keride {rPois MP+9 Dex-2 Stlth-} (You found it on level 7 of the Dungeon)
  6473 | D:7      | Identified a +0 rod of clouds (12/12) (You found it on level 7 of the Dungeon)
  6659 | D:7      | You fall through a shaft!
  6686 | D:8      | Gained mutation: You possess an exceptional clarity of mind. [mutagenic meat]
  7007 | D:8      | Found a glowing silver altar of Zin.
  7160 | D:8      | Reached * piety under Makhleb
  7226 | D:8      | Found an iron altar of Okawaru.
  7698 | D:9      | Reached skill level 10 in Shields
  7704 | D:9      | Reached XP level 11. HP: 76/91 MP: 11/11
  7842 | D:9      | Found a staircase to the Orcish Mines.
  8045 | D:9      | Reached ** piety under Makhleb
  8450 | D:10     | Entered Level 10 of the Dungeon
  8583 | D:10     | Noticed Maurice
  8598 | D:10     | Killed Maurice
  9151 | D:11     | Noticed a hill giant
  9173 | D:11     | Killed a hill giant
  9173 | D:11     | Reached skill level 10 in Fighting
  9199 | D:11     | Found a frozen archway.
  9439 | IceCv    | Entered an ice cave
  9439 | IceCv    | Noticed a white ugly thing
  9470 | D:11     | Found a staircase to the Lair.
  9521 | D:11     | Reached skill level 10 in Armour
  9620 | D:11     | Noticed a manticore
  9656 | D:11     | Noticed a hill giant
  9903 | D:11     | Killed a hill giant
  9964 | D:11     | Killed a manticore
  9964 | D:11     | Reached *** piety under Makhleb
  9997 | D:11     | Noticed a green ugly thing
  9998 | D:11     | Noticed a purple ugly thing
 10037 | D:11     | Killed a green ugly thing
 10042 | D:11     | Killed a green ugly thing
 10546 | Lair:1   | Entered Level 1 of the Lair of Beasts
 10706 | Lair:1   | Noticed IKeelU2's ghost (journeyman DEAE)
 10746 | Lair:1   | HP: 2/94 [IKeelU2's ghost/bolt of lightning (23)]
 10748 | Lair:1   | Killed from afar by IKeelU2's ghost

Vault maps used:
D:1:      lightli_arrival_farm, minmay_misc_feat_rugged
D:3:      elyvilon_altar_5, corexii_corridor_pit, minmay_quantized, uniq_iyjb
D:4:      serial_co_window_serial, co_window_paths_a,
          co_window_of_opportunity_a, co_window_corner_a, co_window_cross_1,
          co_window_corner_a, co_window_paths_b, co_window_of_opportunity_c,
          co_window_of_opportunity_c, co_window_of_opportunity_c,
          co_window_broadway_c, co_window_corner_cb, co_window_of_opportunity_b,
          co_window_paths_d, glass_columns_c, first_bread, serial_shops,
          kennysheep_little_box
D:5:      basic_altar, serial_shops, nicolae_shop_trees
D:6:      nicolae_gozag_zags_fifth_avenue, basic_altar, serial_shops,
          nicolae_shop_behind_doors, gup_sewer_entry_bowl, uniq_grinder
D:7:      minmay_item_behind_shaft, uniq_joseph, uniq_pikel
D:8:      zin_academy, grunt_livestock, kennysheep_okawaru_gauntlet
D:9:      orc_0_dummy
D:10:     uniq_maurice
D:11:     dpeg_oklobed_lair, portal_ice_cave_entry_ice_beasts
Temple:   hc_temple_tempest_star
Lair:1:   gammafunk_lair_bear_cave, infiniplex_staircase_pool_2,
          grunt_megastairs_4
IceCv:    ice_cave_statue_garden_teleport

Skill      XL: |  1  2  3  4  5  6  7  8  9 10 11 |
---------------+----------------------------------+-----
Shields        | 4 5 6 7 8 10 | 10.5
Fighting       | 4 5 6 7 9 10 | 10.7
Axes           | 3 4 5 7 8 9 |  9.9
Armour         | 4 5 6 7 8 10 | 10.4

Action                   |  1- 3 |  4- 6 |  7- 9 | 10-12 || total
-------------------------+-------+-------+-------+-------++-------
Melee: War axe           |   133 |    62 |    14 |       ||   209
       Hand axe          |       |    29 |   236 |   591 ||   856
 Abil: Dig               |       |       |       |     2 ||     2
Evoke: Wand              |       |       |     4 |     4 ||     8
  Use: Scroll            |     5 |     2 |     4 |    11 ||    22
       Potion            |       |     3 |     1 |     7 ||    11
 Stab: Paralysed         |       |       |    10 |       ||    10
  Eat: Chunk             |     1 |     3 |     8 |    14 ||    26
       Bread ration      |       |       |     1 |       ||     1
       Pizza             |       |       |     1 |       ||     1
       Fruit             |       |       |       |     2 ||     2
       Beef jerky        |       |       |       |     1 ||     1
Armor: Scale mail        |    68 |    31 |    58 |   128 ||   285
Dodge: Dodged            |    51 |    33 |    59 |   136 ||   279
Block: Shield            |    73 |    46 |   105 |   252 ||   476
